 Dungeon Crawl Stone Soup version 0.31-a0-424-g41b3b0883d (webtiles) character file.

Game seed: 4033152498232010404

2776 Ajdolov the Grappler (level 9, -2/68 HPs)
             Began as a Gnoll Shapeshifter on July 30, 2023.
             Was a Believer of Wu Jian.
             Slain by an orc warrior
             ... wielding a +0 glaive
              (14 damage)
             ... on level 8 of the Dungeon.
             The game lasted 00:08:33 (6760 turns).

Ajdolov the Grappler (Gnoll Shapeshifter)           Turns: 6760, Time: 00:08:34

Health: -2/68      AC: 11    Str: 20    XL:     9   Next: 70%
Magic:  15/15      EV: 12    Int:  7    God:    Wu Jian [**....]
Gold:   331        SH:  0    Dex: 12    Spells: 17/17 levels left

rFire   . .          .
                       - Unarmed
rCold   . . .        (no shield)
rNeg    . . .        t - +4 scale mail of the Butcher {+Inv rPois Stlth+}
rPois   +            (helmet currently unavailable)
rElec   .            (cloak currently unavailable)
rCorr   .            (gloves currently unavailable)
SInv    .            (boots currently unavailable)
Will    .....        (no amulet)
Stlth   ++           (no ring)
HPRegen 0.31/turn    (no ring)
MPRegen 0.14/turn

%: no passive effects
@: beast-form
A: beast (slay +5), fangs 1, strong nose, distributed training
a: Begin Untransformation, Renounce Religion, Evoke Invisibility, Wall Jump


You were on level 8 of the Dungeon.
You worshipped Wu Jian.
Wu Jian was pleased with you.
You were a hulking beast.
You visited 2 branches of the dungeon, and saw 9 of its levels.

You collected 379 gold pieces.
You spent 48 gold pieces at shops.

Inventory:

Armour
 j - a +2 pair of boots
 t - the +4 scale mail of the Butcher (worn) {+Inv rPois Stlth+}
   (You found it on level 2 of the Dungeon)

   rPois:     It protects you from poison.
   +Inv:      It lets you turn invisible.
   Stlth:     It makes you more stealthy.
 v - a +0 helmet
Jewellery
 l - a ring of fire
 x - a ring of protection from cold
 E - a ring of protection from cold
Talismans
 c - a beast talisman (active)
Wands
 e - a wand of flame (26)
 y - a wand of polymorph (8)
 A - a wand of iceblast (3)
 F - a wand of charming (9)
Scrolls
 a - 5 scrolls of enchant armour
 h - 2 scrolls of immolation
 n - 2 scrolls of blinking {unknown}
 p - 2 scrolls of enchant weapon {unknown}
 q - a scroll of noise {unknown}
 u - 2 scrolls of amnesia
 w - a scroll of vulnerability {unknown}
 z - a scroll of summoning {unknown}
 B - 3 scrolls of teleportation
 C - a scroll of poison {unknown}
 D - a scroll of fear {unknown}
Potions
 b - 3 potions of lignification
 d - a potion of heal wounds
 f - a potion of enlightenment {unknown}
 g - a potion of brilliance {unknown}
 i - a potion of resistance {unknown}
 k - 2 potions of might
 m - 2 potions of degeneration
 o - 3 potions of attraction
 r - a potion of cancellation {unknown}
 s - 2 potions of curing


   Skills:
 + Level 5.3 Fighting
 + Level 4.5 Short Blades
 + Level 4.5 Long Blades
 + Level 4.5 Axes
 + Level 4.5 Maces & Flails
 + Level 4.5 Polearms
 + Level 4.5 Staves
 + Level 4.5 Ranged Weapons
 + Level 4.5 Throwing
 + Level 4.5 Armour
 + Level 6.5 Dodging
 + Level 4.5 Stealth
 + Level 4.5 Shields
 + Level 8.1 Unarmed Combat
 + Level 4.5 Spellcasting
 + Level 3.8 Conjurations
 + Level 3.8 Hexes
 + Level 3.8 Summonings
 + Level 3.8 Necromancy
 + Level 3.8 Translocations
 + Level 3.8 Transmutations
 + Level 3.8 Fire Magic
 + Level 3.8 Ice Magic
 + Level 3.8 Air Magic
 + Level 3.8 Earth Magic
 + Level 3.8 Poison Magic
 + Level 5.0 Invocations
 + Level 4.5 Evocations
 + Level 7.6 Shapeshifting


You had 17 spell levels left.
You didn't know any spells.
Your spell library contained the following spells:

 Spells                   Type           Power      Damage    Failure   Level
 Kiss of Death            Conj/Necr      24%        2d7       17%         1
 Magic Dart               Conj           24%        1d4       17%         1
 Blink                    Tloc           12%        N/A       26%         2
 Searing Ray              Conj           12%        2d4       26%         2
 Call Canine Familiar     Summ           6%         N/A       45%         3
 Confusing Touch          Hex            6%         N/A       45%         3
 Portal Projectile        Hex/Tloc       12%        N/A       45%         3
 Dispel Undead            Necr           6%         3d8       86%         4
 Fulminant Prism          Conj/Hex       3%         3d5       86%         4
 Leda's Liquefaction      Hex/Erth       3%         N/A       86%         4
 Manifold Assault         Tloc           6%         N/A       86%         4


Dungeon Overview and Level Annotations

Branches:
Dungeon (8/15)             Temple (1/1) D:4
   Lair: D:8-11

Altars:
Ashenzari
Cheibriados
Dithmenos
Elyvilon
Fedhas
Gozag
Hepliaklqana
Kikubaaqudgha
Makhleb
Nemelex Xobeh
Okawaru
Qazlal
Ru
Sif Muna
Trog
Uskayaw
Vehumet
Wu Jian
Xom
Yredelemnul
Zin
The Shining One

Shops:
D:1 !


Innate Abilities, Weirdness & Mutations

You are a hulking beast.
Your limbs bulge with bestial killing power. (Slay +5)
You have very sharp teeth.
Your uncanny sense of smell can sniff out nearby items.
Your experience applies equally to all skills.


Message History

The centaur barely misses you. The centaur closely misses you.
The centaur hits you.
The centaur kicks you but does no damage.
The orc warrior hits you from afar with a +0 glaive!
* * * LOW HITPOINT WARNING * * *
Things that are here:
a +0 hand axe; a +0 mace; a +0 leather armour The centaur wields a +0 orcbow.
The centaur shoots an arrow.
The arrow misses you.
The centaur shoots an arrow.
The arrow hits you!
* * * LOW HITPOINT WARNING * * *
The centaur shoots an arrow.
The arrow hits you.
* * * LOW HITPOINT WARNING * * *
The centaur shoots an arrow.
The arrow closely misses you.
You feel much better.
The centaur shoots an arrow.
The arrow hits you.
The centaur unwields a +0 orcbow.
The centaur hits you but does no damage.
The centaur barely misses you. The orc warrior closely misses you.
You completely miss the centaur.
The centaur is heavily wounded.
The centaur misses you. The centaur barely misses you.
The centaur hits you but does no damage.
The centaur kicks you but does no damage.
The orc warrior hits you with a +0 glaive!
* * * LOW HITPOINT WARNING * * *
Okay, then.
You barely miss the centaur.
The centaur is heavily wounded.
The centaur misses you.
The centaur kicks you but does no damage.
You punch the centaur! Your punch misses the centaur.
The centaur is severely wounded.
The orc warrior hits you with a +0 glaive!
* * * LOW HITPOINT WARNING * * *
The centaur barely misses you. The centaur closely misses you.
You punch the centaur!
You kill the centaur!
The Council accepts your kill.
The orc warrior hits you with a +0 glaive!
You die...

#.............. ###
#.............. ...
#...).......... ###
#...)..........
#..............
#...........#
#######...###
######.)o###
#......h##
######...#########
#.............#
#...............##
##................#
#.................#
#................##
#...............##
#..............##


You could see an orc warrior.

Vanquished Creatures
  Grinder (D:6)
  Menkaure (D:4)
  A water moccasin (D:5)
  A sky beast (D:6)
  A black bear (D:4)
  3 ice beasts
  An ogre (D:3)
  4 centaurs
  A kobold brigand (D:6)
  Blork the orc (D:6)
  2 bullfrogs
  5 wights (D:6)
  A howler monkey (D:8)
  7 hounds
  A jelly (D:7)
  2 gnoll boudas
  3 orc priests
  5 iguanas
  3 sleepcaps
  5 orc wizards
  9 gnolls
  7 adders
  A shadow imp (D:7)
  2 white imps
  An ufetubus (D:3)
  2 worms (D:2)
  2 dart slugs (D:3)
  18 orcs
  5 ball pythons
  6 bats
  7 endoplasms
  5 giant cockroaches
  7 goblins
  10 hobgoblins
  5 jackals (D:2)
  12 kobolds
  3 quokkas
  2 frilled lizards
  4 rats
157 creatures vanquished.

Notes
Turn   | Place    | Note
-------+----------+-------------------------------------------
     0 | D:1      | Ajdolov the Gnoll Shapeshifter began the quest for the Orb.
     0 | D:1      | Reached XP level 1. HP: 17/17 MP: 1/1
   158 | D:1      | Found Culiun Jyuru's Distillery.
   186 | D:1      | Reached XP level 2. HP: 23/23 MP: 2/2
   238 | D:1      | Bought a potion of might for 48 gold pieces
   765 | D:2      | Reached XP level 3. HP: 28/28 MP: 3/3
   887 | D:2      | Reached skill level 1 in Invocations
  1036 | D:2      | Reached skill level 1 in Short Blades
  1036 | D:2      | Reached skill level 1 in Long Blades
  1036 | D:2      | Reached skill level 1 in Axes
  1036 | D:2      | Reached skill level 1 in Maces & Flails
  1036 | D:2      | Reached skill level 1 in Polearms
  1036 | D:2      | Reached skill level 1 in Staves
  1036 | D:2      | Reached skill level 1 in Ranged Weapons
  1036 | D:2      | Reached skill level 1 in Throwing
  1036 | D:2      | Reached skill level 1 in Armour
  1036 | D:2      | Reached skill level 1 in Stealth
  1036 | D:2      | Reached skill level 1 in Shields
  1036 | D:2      | Reached skill level 1 in Spellcasting
  1036 | D:2      | Reached skill level 1 in Evocations
  1070 | D:2      | Found a bloodstained altar of Trog.
  1183 | D:2      | Found a faded altar of an unknown god.
  1183 | D:2      | Identified the +4 scale mail of the Butcher {+Inv rPois
                  | Stlth+}
  1188 | D:2      | Reached XP level 4. HP: 31/34 MP: 5/5
  1787 | D:3      | Reached skill level 1 in Conjurations
  1787 | D:3      | Reached skill level 1 in Hexes
  1787 | D:3      | Reached skill level 1 in Summonings
  1787 | D:3      | Reached skill level 1 in Necromancy
  1787 | D:3      | Reached skill level 1 in Translocations
  1787 | D:3      | Reached skill level 1 in Transmutations
  1787 | D:3      | Reached skill level 1 in Fire Magic
  1787 | D:3      | Reached skill level 1 in Ice Magic
  1787 | D:3      | Reached skill level 1 in Air Magic
  1787 | D:3      | Reached skill level 1 in Earth Magic
  1787 | D:3      | Reached skill level 1 in Poison Magic
  1802 | D:3      | Reached XP level 5. HP: 38/40 MP: 5/7
  1962 | D:3      | Noticed an ogre
  1981 | D:3      | Killed an ogre
  1982 | D:3      | Reached skill level 5 in Dodging
  1982 | D:3      | Reached XP level 6. HP: 28/47 MP: 8/8
  2635 | D:4      | Found a staircase to the Ecumenical Temple.
  2642 | Temple   | Entered the Ecumenical Temple
  2687 | Temple   | Became a worshipper of the Wu Jian Council
  2970 | D:4      | Noticed a black bear
  2978 | D:4      | Killed a black bear
  2979 | D:4      | Reached XP level 7. HP: 49/52 MP: 10/10
  3318 | D:5      | Entered Level 5 of the Dungeon
  3527 | D:5      | Reached skill level 7 in Unarmed Combat
  3940 | D:5      | Noticed Menkaure
  3960 | D:4      | Killed Menkaure
  4092 | D:5      | Found an opulent altar of Gozag.
  4095 | D:5      | Found a glowing golden altar of the Shining One.
  4097 | D:5      | Found a stormy altar of Qazlal.
  4185 | D:5      | Reached XP level 8. HP: 60/60 MP: 12/12
  4656 | D:5      | Reached * piety under Wu Jian
  4953 | D:6      | Noticed Grinder
  4993 | D:6      | Killed Grinder
  5024 | D:6      | Noticed Blork the orc
  5034 | D:6      | Killed Blork the orc
  5195 | D:6      | Reached XP level 9. HP: 66/66 MP: 14/14
  5237 | D:6      | Reached ** piety under Wu Jian
  5618 | D:7      | Reached skill level 5 in Fighting
  5893 | D:7      | Reached skill level 8 in Unarmed Combat
  6330 | D:8      | Reached skill level 5 in Invocations
  6751 | D:8      | HP: 1/68 [centaur/arrow (6)]
  6760 | D:8      | Slain by an orc warrior

Illustrated notes

Levels and vault maps discovered:
D:1:      minmay_arrival_pointy, layout_rooms, serial_shops,
          nicolae_shop_tiny_glass, hex_tiny
D:2:      kennysheep_six_static_rooms, layout_loops_corners,
          hellmonk_ecumenical_altar_arch_garden, basic_altar,
          amcnicky_mini_rare_corridor_liquid
D:3:      layout_rooms, minmay_circle_x
D:4:      layout_layer_cave, minmay_temple_entry_junction
D:5:      layout_basic, nicolae_overflow_hidden_temple, uniq_menkaure
D:6:      layout_basic, uniq_blork_the_orc, uniq_grinder
D:7:      layout_cave_pools, kennysheep_pointless_box
D:8:      layout_cave_pods
Temple:   hellmonk_temple_of_storms

Skill      XL: |  1  2  3  4  5  6  7  8  9 |
---------------+----------------------------+-----
Invocations    | 1 2 3 4 5 |  5.0
Short Blades   | 1 2 3 4 |  4.5
Long Blades    | 1 2 3 4 |  4.5
Axes           | 1 2 3 4 |  4.5
Maces & Flails | 1 2 3 4 |  4.5
Polearms       | 1 2 3 4 |  4.5
Staves         | 1 2 3 4 |  4.5
Ranged Weapons | 1 2 3 4 |  4.5
Throwing       | 1 2 3 4 |  4.5
Armour         | 1 2 3 4 |  4.5
Stealth        | 1 2 3 4 |  4.5
Shields        | 1 2 3 4 |  4.5
Spellcasting   | 1 2 3 4 |  4.5
Evocations     | 1 2 3 4 |  4.5
Conjurations   | 1 2 3 |  3.8
Hexes          | 1 2 3 |  3.8
Summonings     | 1 2 3 |  3.8
Necromancy     | 1 2 3 |  3.8
Translocations | 1 2 3 |  3.8
Transmutations | 1 2 3 |  3.8
Fire Magic     | 1 2 3 |  3.8
Ice Magic      | 1 2 3 |  3.8
Air Magic      | 1 2 3 |  3.8
Earth Magic    | 1 2 3 |  3.8
Poison Magic   | 1 2 3 |  3.8
Fighting       | 3 4 5 |  5.3
Dodging        | 5 6 |  6.5
Unarmed Combat | 7 8 |  8.1
Shapeshifting  | 7 |  7.6

Action                     |  1- 3 |  4- 6 |  7- 9 || total
---------------------------+-------+-------+-------++-------
  Melee: Unarmed           |    65 |   106 |   256 ||   427
         Bite              |    11 |     8 |    25 ||    44
         Punch             |       |     6 |    16 ||    22
Ability: Lunge             |       |     1 |    18 ||    19
         Whirlwind         |       |       |     1 ||     1
    Use: Scroll            |       |       |     8 ||     8
         Potion            |       |       |     1 ||     1
   Stab: Sleeping          |       |     1 |     4 ||     5
 Armour: Scale mail        |     6 |    53 |    90 ||   149
         Animal skin       |     1 |       |       ||     1
         Chain mail        |    21 |       |       ||    21
  Dodge: Dodged            |    24 |    50 |   141 ||   215

Table legend: (Time is in decaauts)
 A = Elapsed time spent in this place.
 B = Non-inter-level travel time spent in this place.
 C = Inter-level travel time spent in this place.
 D = Time resting spent in this place.
 E = Time spent auto-exploring this place.
 F = Levels seen in this place.
 G = Mean time per level.
                   A        B        C        D        E       F      G
               +--------+--------+--------+--------+--------+-----+--------+
         Total |   6707 |   6365 |    342 |    119 |   5200 |   9 |  745.2 |
       Dungeon |   6656 |   6314 |    342 |    119 |   5200 |   8 |  832.0 |
        Temple |     50 |     50 |      0 |      0 |      0 |   1 |   50.0 |
               +--------+--------+--------+--------+--------+-----+--------+

Top non-repeatable levels by time:
     D:5: 1490 daAuts
     D:2: 979 daAuts
     D:4: 942 daAuts
     D:3: 740 daAuts
     D:1: 702 daAuts
     D:6: 651 daAuts
     D:7: 618 daAuts
     D:8: 530 daAuts
  Temple: 50 daAuts
